 Dungeon Crawl Stone Soup version 0.18-b1-16-g289874d (webtiles) character file.

98441 MTVSty1e the Warrior (level 15, -6/144 HPs)
             Began as a Minotaur Fighter on May 1, 2016.
             Was the Champion of Trog.
             Mangled by an emperor scorpion (10 damage)
             ... on level 2 of the Spider Nest.
             The game lasted 02:15:55 (27060 turns).

MTVSty1e the Warrior (Minotaur Fighter)            Turns: 27060, Time: 02:16:14

Health: -6/144     AC: 18    Str: 30    XL:     15   Next: 74%
Magic:  14/14      EV: 15    Int:  6    God:    Trog [******]
Gold:   1695       SH: 21    Dex: 11    Spells: 0 memorised, 14 levels left

rFire  . . .     SeeInvis .     h - +2 demon trident (elec)
rCold  . . .     Gourm    .     f - +3 scale mail {rPois}
rNeg   . . .     Faith    .     R - +0 large shield
rPois  +         Spirit   .     (helmet unavailable)
rElec  +         Dismiss  .     (no cloak)
rCorr  +         Reflect  .     D - +2 pair of gloves
SustAt .         Harm     .     x - +0 pair of boots of Peomitwo {rElec rCorr Str+3 Int+2}
MR     +....                    V - amulet of regeneration
Stlth  ..........               t - ring of resist corrosion
                                Y - ring of resist corrosion

@: lethally poisoned (-6 -> -6), exhausted, about to teleport, slowed, very
slow, somewhat resistant to hostile enchantments, extremely unstealthy
A: retaliatory headbutt, horns 3
a: Berserk, Trog's Hand, Brothers in Arms, Burn Spellbooks, Renounce Religion


You were on level 2 of the Spider Nest.
You worshipped Trog.
Trog was exalted by your worship.
You were not hungry.

You visited 5 branches of the dungeon, and saw 25 of its levels.

You collected 1695 gold pieces.

Inventory:

Hand Weapons
 d - a +3 spear of freezing
 h - a +2 demon trident of electrocution (weapon)
 s - a +4 trident of freezing
 F - a +3 long sword
 G - a +2 war axe of chopping
 Z - a +4 antimagic demon trident
Armour
 f - a +3 scale mail of poison resistance (worn)
 l - a +2 ring mail of fire resistance
 x - the +0 pair of boots of Peomitwo (worn) {rElec rCorr Str+3 Int+2}
   (You found it on level 12 of the Dungeon)

   It affects your strength (+3).
   It affects your intelligence (+2).
   It insulates you from electricity.
   It protects you from acid and corrosion.
 D - a +2 pair of gloves (worn)
 R - a +0 large shield (worn)
Jewellery
 t - a ring of resist corrosion (right hand)
 z - an uncursed ring of fire {unknown}
 C - an uncursed ring of protection from fire
 L - an uncursed ring of sustain attributes
 V - an amulet of regeneration (around neck)
 Y - a ring of resist corrosion (left hand)
Wands
 g - a wand of random effects (11/48)
 r - a wand of confusion (18/48)
 y - a wand of paralysis (0/24)
 B - a wand of random effects (21/48)
 I - a wand of heal wounds (0/9)
 N - a wand of lightning (0/15)
 O - a wand of digging (11/24)
 P - a wand of flame (32/48)
 Q - a wand of iceblast (1/15)
Scrolls
 a - 2 scrolls of fear
 k - 3 scrolls of remove curse
 m - 7 scrolls of immolation
 p - 2 scrolls of enchant armour
 w - 4 scrolls of magic mapping
 E - a scroll of recharging
 K - 3 scrolls of fog
 M - 13 scrolls of identify
Potions
 b - a potion of mutation {unknown}
 o - 3 potions of curing
 q - a potion of magic {unknown}
 A - 2 potions of brilliance
 S - 2 potions of flight {unknown}
 T - 2 potions of cancellation
Miscellaneous
 j - a plain deck of wonders {drawn: 1}
 J - a plain deck of wonders {drawn: 1}
Comestibles
 n - 2 bread rations
 U - 3 royal jellies
 W - 3 fruits


   Skills:
 * Level 16.1 Fighting
 + Level 3.7(10.3) Axes
 + Level 14.3(14.5) Polearms
 * Level 14.7 Armour
 + Level 14.0 Dodging
 - Level 0.6 Stealth
 + Level 14.5 Shields
 - Level 1.0 Evocations


You had 14 spell levels left.
You didn't know any spells.

Dungeon Overview and Level Annotations

Branches:
Dungeon (13/15)            Temple (1/1) D:5            Lair (8/8) D:11
 Shoals (1/4) Lair:6       Spider (2/4) Lair:5        Slime (0/6) Lair:6
    Orc (0/2) D:12
 Vaults: D:13-14

Altars:
Ashenzari
Cheibriados
Dithmenos
Elyvilon
Fedhas
Gozag
Kikubaaqudgha
Makhleb
Nemelex Xobeh
Okawaru
Pakellas
Qazlal
Ru
Sif Muna
Trog
Vehumet
Xom
Yredelemnul
Zin
The Shining One
Jiyva

Shops:
D:8 =   Shoals:1 *

Portals:
Hell: Lair:8

Annotations:
Lair:1 exclusion: ice statue
Spider:2 Arachne


Innate Abilities, Weirdness & Mutations

You reflexively headbutt those who attack you in melee.
You have a pair of large horns on your head.


Message History

The emperor scorpion claws you!
* * * LOW HITPOINT WARNING * * *
Your troll goes berserk!
You feel somewhat more hungry.
You feel sick. The tarantella bites your troll. You block Arachne's attack.
The tarantella bites your troll!
Your troll appears confused.
You block the emperor scorpion's attack.
The emperor scorpion barely misses you. The emperor scorpion claws you.
* * * LOW HITPOINT WARNING * * *
Arachne hits you with a staff of poison!
* * * LOW HITPOINT WARNING * * *
You are more poisoned.
As you read the scroll of teleportation, it crumbles to dust.
You feel strangely unstable.
You feel sick. The tarantella bites your troll!
Arachne hits you with a staff of poison!
* * * LOW HITPOINT WARNING * * *
Your troll is caught in a web!
The emperor scorpion stings you but does no damage.
The emperor scorpion claws you!
You die...

.................
.............^...
.................
.................
#................
#...............
##....s.......#
#..)..@T.s....##
##.#..[H.......#
#....†...####
###...†....#
##^<.....#
#........#
##^....###
#...### ...##


You could see Arachne, an emperor scorpion, a tarantella and a friendly troll
(berserk).

Vanquished Creatures
  Asterion (Spider:1)
  2 azure jellies (Lair:6)
  The ghost of otab the Shatterer, a journeyman OgBe of Trog (D:12)
  A ghost moth (Spider:1)
  A dire elephant (Lair:8)
  11 hydras
  A merfolk avatar (Shoals:1)
  2 catoblepae (Lair:7)
  The ghost of Chiseanne the Thaumaturge, a journeyman DsWz of Gozag (D:10)
  5 death yaks
  Nergalle (D:10)
  A skeletal warrior (D:12)
  2 sea snakes
  An unseen horror (D:13)
  3 hill giants
  A wolf spider zombie (D:12)
  3 orb spiders (Spider:1)
  An oklob plant (Lair:2)
  2 manticores
  A hornet (Spider:1)
  7 wizards
  5 wolf spiders (Spider:1)
  A cyclops (D:11)
  2 griffons
  16 elephants
  5 black mambas
  A sixfirhy (Lair:8)
  A smoke demon (Lair:8)
  2 torpor snails
  A gargoyle (D:11)
  3 orange demons (Lair:8)
  18 spiny frogs
  A freezing wraith (Lair:1)
  10 komodo dragons
  A kobold demonologist (D:11)
  2 demonic crawlers
  A hellwing (Lair:8)
  3 ice devils (Lair:8)
  A rime drake (Lair:6)
  3 merfolk (Shoals:1)
  2 trolls
  2 red devils (Lair:8)
  Grinder (D:4)
  A two-headed ogre (D:13)
  6 jumping spiders (Spider:1)
  11 polar bears
  27 blink frogs
  2 snapping turtles
  A boulder beetle (Spider:1)
  The ghost of otab the Slasher, an amateur HEGl of Nemelex Xobeh (D:4)
  12 redbacks
  4 tarantellas
  2 basilisks
  2 wyverns
  77 yaks
  5 hungry ghosts
  2 vampire mosquitoes (D:13)
  A steam dragon (D:13)
  12 hippogriffs
  A mottled dragon (D:12)
  2 hell hounds (Lair:8)
  17 water moccasins
  14 porcupines
  4 orc warriors
  A wasp (D:11)
  3 sky beasts
  7 ice beasts
  2 phantoms
  2 black bears
  4 ogres
  2 necrophages
  19 crocodiles
  8 centaurs
  14 wolves
  18 giant frogs
  5 big kobolds
  A wyvern zombie (D:13)
  A wyvern skeleton (D:6)
  A troll zombie (D:12)
  4 scorpions
  18 wights
  14 killer bees
  3 howler monkeys
  2 electric eels (Spider:1)
  6 crimson imps
  3 giant frog zombies
  7 hounds
  19 jellies
  A quasit (D:13)
  2 centaur skeletons
  7 orc priests
  8 orc wizards
  13 iguanas
  Ijyb (D:2)
  Natasha (D:4)
  12 worker ants
  A killer bee zombie (D:5)
  7 ogre zombies (D:12)
  11 sheep
  A hound zombie (D:8)
  A hound skeleton (D:11)
  Robin (D:2)
  4 gnolls
  A worker ant zombie (D:8)
  8 adders
  107 river rats
  3 shadow imps
  2 white imps (Lair:1)
  20 oozes
  2 adder skeletons
  2 worms
  3 dart slugs
  5 giant geckos
  45 orcs
  6 bats
  10 giant cockroaches
  18 goblins
  15 hobgoblins
  5 jackals
  77 kobolds
  5 quokkas
  A ball python (D:4)
  A giant gecko zombie (D:7)
  7 giant newts
  5 goblin zombies (D:12)
  2 hobgoblin skeletons (D:12)
  3 hobgoblin zombies (D:12)
  15 orc zombies (D:12)
  A quokka skeleton (D:7)
  A quokka zombie (D:5)
  14 rats
  5 fungi
  5 plants
964 creatures vanquished.

Vanquished Creatures (collateral kills)
  A hydra (Lair:8)
  A plant (Lair:8)
2 creatures vanquished.

Vanquished Creatures (others)
  20 fungi
  9 plants
29 creatures vanquished.

Grand Total: 995 creatures vanquished

Notes
Turn   | Place    | Note
--------------------------------------------------------------
     0 | D:1      | MTVSty1e the Minotaur Fighter began the quest for the Orb.
     0 | D:1      | Reached XP level 1. HP: 19/19 MP: 0/0
   267 | D:1      | Reached skill level 4 in Fighting
   267 | D:1      | Reached XP level 2. HP: 26/27 MP: 1/1
   452 | D:1      | Reached XP level 3. HP: 33/33 MP: 2/2
  1124 | D:2      | Noticed Ijyb
  1139 | D:2      | Killed Ijyb
  1139 | D:2      | Reached XP level 4. HP: 40/40 MP: 3/3
  1144 | D:2      | Found a faded altar to an unknown god.
  1188 | D:2      | Noticed Robin
  1193 | D:2      | Reached skill level 1 in Dodging
  1202 | D:2      | Killed Robin
  1684 | D:3      | Reached XP level 5. HP: 37/46 MP: 4/4
  1742 | D:3      | Reached skill level 1 in Polearms
  2230 | D:4      | Noticed a phantom
  2275 | D:4      | Killed a phantom
  2275 | D:4      | Reached skill level 5 in Armour
  2275 | D:4      | Reached XP level 6. HP: 23/55 MP: 5/5
  2440 | D:4      | Noticed otab's ghost (amateur HEGl)
  2455 | D:4      | Reached skill level 5 in Fighting
  2486 | D:4      | Killed otab's ghost
  2486 | D:4      | Reached skill level 5 in Shields
  2486 | D:4      | Reached XP level 7. HP: 7/61 MP: 6/6
  2793 | D:4      | Noticed Natasha
  2801 | D:4      | Killed Natasha
  3234 | D:4      | Noticed Grinder
  3263 | D:4      | Killed Grinder
  3263 | D:4      | Reached skill level 6 in Fighting
  3704 | D:5      | Entered Level 5 of the Dungeon
  3742 | D:5      | Reached XP level 8. HP: 51/70 MP: 7/7
  3770 | D:5      | Found a sacrificial altar of Ru.
  4201 | D:5      | Got a translucent leather armour
  4321 | D:5      | Found a basalt altar of Yredelemnul.
  4624 | D:5      | Reached skill level 5 in Polearms
  4725 | D:5      | Reached skill level 7 in Fighting
  4725 | D:5      | Reached skill level 5 in Dodging
  5182 | D:5      | Found a staircase to the Ecumenical Temple.
  5193 | Temple   | Entered the Ecumenical Temple
  5832 | D:6      | Reached XP level 9. HP: 66/79 MP: 8/8
  5921 | D:6      | Found a shadowy altar of Dithmenos.
  5943 | D:6      | Noticed a cyclops
  6846 | D:6      | Found a bloodstained altar of Trog.
  6876 | D:6      | Became a worshipper of Trog the Wrathful
  7375 | D:7      | Reached skill level 8 in Fighting
  7604 | D:7      | Found an iron altar of Okawaru.
  8220 | D:7      | Reached * piety under Trog
  8370 | D:7      | Reached XP level 10. HP: 89/90 MP: 9/9
  8798 | D:8      | Found Teoclus's Jewellery Emporium.
  9133 | D:8      | Reached skill level 9 in Fighting
  9142 | D:8      | Identified the Volume of Damaging Envenoming
  9883 | D:9      | Reached ** piety under Trog
 10379 | D:9      | Found a sparkling altar of Nemelex Xobeh.
 10380 | D:9      | Found a white marble altar of Elyvilon.
 10383 | D:9      | Found an oddly glowing altar of Pakellas.
 10464 | D:10     | Entered Level 10 of the Dungeon
 10464 | D:10     | Noticed Chiseanne's ghost (journeyman DsWz)
 10474 | D:10     | Noticed a manticore
 10492 | D:9      | Killed a manticore
 10675 | D:10     | Killed Chiseanne's ghost
 11310 | D:10     | Reached skill level 10 in Shields
 11310 | D:10     | Reached XP level 11. HP: 52/99 MP: 10/10
 11492 | D:10     | Noticed Nergalle
 11520 | D:10     | Killed Nergalle
 11520 | D:10     | Reached skill level 10 in Fighting
 11802 | D:11     | Found a staircase to the Lair.
 12098 | D:11     | Reached *** piety under Trog
 12373 | D:11     | Noticed a hill giant
 12384 | D:11     | Killed a hill giant
 12442 | D:11     | Noticed a four-headed hydra
 12453 | D:11     | Killed a four-headed hydra
 13143 | D:11     | Identified a +0 rod of inaccuracy (10/10) (You found it on level 10 of the Dungeon)
 13545 | D:12     | Noticed otab's ghost (journeyman OgBe)
 13597 | D:12     | Noticed a hill giant
 13628 | D:12     | Reached skill level 1 in Evocations
 13658 | D:12     | Killed otab's ghost
 13658 | D:12     | Reached skill level 10 in Armour
 13663 | D:12     | Killed a hill giant
 13961 | D:12     | Found a staircase to the Orcish Mines.
 14023 | D:12     | Reached skill level 10 in Polearms
 14059 | D:12     | Reached **** piety under Trog
 14376 | D:12     | Noticed a hill giant
 14389 | D:12     | Killed a hill giant
 14389 | D:12     | Reached skill level 11 in Fighting
 14581 | D:12     | Reached XP level 12. HP: 110/110 MP: 11/11
 14594 | D:12     | Got a pair of crude boots
 14610 | D:12     | Identified the +0 pair of boots of Peomitwo {rElec rCorr Str+3 Int+2} (You found it on level 12 of the Dungeon)
 15142 | D:13     | Noticed a six-headed hydra
 15398 | D:13     | Killed a six-headed hydra
 15398 | D:13     | Reached skill level 10 in Dodging
 15593 | D:13     | Reached ***** piety under Trog
 15683 | D:13     | Reached skill level 12 in Fighting
 16212 | Lair:1   | Entered Level 1 of the Lair of Beasts
 16536 | Lair:1   | Received a gift from Trog
 16906 | Lair:1   | Reached XP level 13. HP: 94/119 MP: 12/12
 17961 | Lair:2   | Reached skill level 13 in Fighting
 17974 | Lair:2   | Received a gift from Trog
 18798 | Lair:2   | Drew Focus: Str increased to 26, Int decreased to 4
 19394 | Lair:3   | Reached ****** piety under Trog
 19601 | Lair:4   | Received a gift from Trog
 19830 | Lair:4   | Reached skill level 14 in Fighting
 20574 | Lair:5   | Found a hole to the Spider Nest.
 20696 | Lair:5   | Reached XP level 14. HP: 27/132 MP: 13/13
 21461 | Lair:6   | Received a gift from Trog
 21688 | Lair:6   | Identified a scroll of acquirement
 21877 | Lair:6   | Found a runed door.
 21877 | Lair:6   | Found a viscous altar of Jiyva.
 21877 | Lair:6   | Found a staircase to the Slime Pits.
 21877 | Lair:6   | Noticed an azure jelly
 21877 | Lair:6   | Noticed an azure jelly
 21890 | Lair:6   | Killed an azure jelly
 21900 | Lair:6   | Killed an azure jelly
 22375 | Lair:6   | Found a staircase to the Shoals.
 22801 | Lair:7   | Gained mutation: You have a pair of large horns on your head. [helix card]
 23055 | Lair:7   | Reached skill level 15 in Fighting
 23184 | Lair:7   | Received a gift from Trog
 23516 | Lair:8   | Entered Level 8 of the Lair of Beasts
 23925 | Lair:8   | Reached XP level 15. HP: 141/141 MP: 14/14
 24304 | Lair:8   | Received a gift from Trog
 24488 | Lair:8   | Found a shattered altar of Ashenzari.
 24857 | Lair:8   | Found a burning altar of Makhleb.
 25261 | Lair:8   | Found a gateway to Hell.
 25776 | Shoals:1 | Entered Level 1 of the Shoals
 25776 | Shoals:1 | Found Enle's Assorted Antiques.
 26113 | Spider:1 | Entered Level 1 of the Spider Nest
 26175 | Spider:1 | Noticed Asterion
 26201 | Spider:1 | Killed Asterion
 26218 | Spider:1 | Received a gift from Trog
 26445 | Spider:1 | Killed a ghost moth
 26575 | Spider:1 | Reached skill level 16 in Fighting
 27010 | Spider:2 | Noticed Arachne
 27060 | Spider:2 | HP: 4/144 [Arachne/staff of poison (11)]
 27060 | Spider:2 | Mangled by an emperor scorpion

Skill      XL: |  1  2  3  4  5  6  7  8  9 10 11 12 13 14 15 |
---------------+----------------------------------------------+-----
Fighting       | 4 5 6 7 8 9 11 12 14 15 16 | 16.1
Shields        | 4 5 7 8 10 11 13 14 | 14.5
Armour         | 4 5 6 7 9 10 11 13 14 | 14.7
Axes           | 3 |  3.7
Dodging        | 2 3 5 7 8 9 11 12 13 14 | 14.0
Polearms       | 1 2 3 5 6 8 10 11 12 13 14 | 14.3
Evocations     | 1 |  1.0
Stealth        | |  0.6

Action                   |  1- 3 |  4- 6 |  7- 9 | 10-12 | 13-15 || total
-------------------------+-------+-------+-------+-------+-------++-------
Melee: War axe           |    72 |     6 |       |       |       ||    78
       Headbutt          |    10 |    25 |   105 |   312 |   460 ||   912
       Spear             |       |   124 |   644 |  1290 |   489 ||  2547
       Trident           |       |       |       |       |   912 ||   912
       Mace              |       |       |       |       |    15 ||    15
       Demon trident     |       |       |       |       |   195 ||   195
Invok: Berserk           |       |       |       |     6 |    19 ||    25
       Burn Spellbooks   |       |       |       |     3 |     1 ||     4
       Brothers in Arms  |       |       |       |       |     1 ||     1
Evoke: Wand              |       |     1 |     6 |     8 |    28 ||    43
       Deck              |       |       |       |       |     2 ||     2
  Use: Scroll            |       |     5 |     7 |    14 |    18 ||    44
       Potion            |       |     9 |     8 |    16 |     5 ||    38
 Stab: Invisible         |       |       |       |     5 |       ||     5
       Paralysed         |       |       |       |       |     2 ||     2
  Eat: Pizza             |     1 |       |       |       |     2 ||     3
       Meat ration       |       |     1 |     1 |     5 |     3 ||    10
       Bread ration      |       |       |     4 |     1 |     5 ||    10
       Royal jelly       |       |       |       |     6 |     4 ||    10
       Beef jerky        |       |       |       |     3 |     2 ||     5
       Fruit             |       |       |       |     4 |     5 ||     9
Armor: Scale mail        |    40 |    50 |    31 |   318 |   448 ||   887
       Ring mail         |       |       |   135 |       |       ||   135
       Skin              |       |       |    49 |       |       ||    49
Dodge: Dodged            |    24 |    36 |   238 |   438 |   655 ||  1391
Block: Shield            |    51 |    69 |   462 |   693 |   376 ||  1651
       Large shield      |       |       |       |       |  1280 ||  1280
